 Dungeon Crawl Stone Soup version 0.23.0 (webtiles) character file.

Game seed: 11781099168634491335

1952 Gazerockf the Fighter (level 8, -3/82 (85) HPs)
             Began as a Minotaur Fighter on Feb 17, 2019.
             Was an Initiate of the Shining One.
             Slain by a hog (8 damage)
             ... on level 7 of the Dungeon.
             The game lasted 00:13:47 (5074 turns).

Gazerockf the Fighter (Minotaur Fighter)            Turns: 5074, Time: 00:13:49

HP:   -3/82 (85)    AC:  6    Str: 28    XL:     8   Next: 99%
MP:   7/7           EV:  8    Int:  5    God:    the Shining One [......]
Gold: 309           SH: 11    Dex: 10    Spells: 7/7 levels left

rFire    . . .     SeeInvis .   q - +0 war axe
rCold    . . .     Gourm    .   c - +0 shield
rNeg     . . .     Faith    .   b - +0 scale mail
rPois    .         Spirit   .   (helmet restricted)
rElec    .         Reflect  .   (no cloak)
rCorr    .         Harm     .   (no gloves)
MR       .....                  (no boots)
Stlth    ..........             (no amulet)
HPRegen  0.23/turn              (no ring)
MPRegen  0.10/turn              (no ring)

@: mighty, glowing
A: retaliatory headbutt, horns 2
a: Renounce Religion


You were on level 7 of the Dungeon.
You worshipped the Shining One.
The Shining One was noncommittal.
You were not hungry.

You visited 2 branches of the dungeon, and saw 8 of its levels.

You collected 309 gold pieces.

Inventory:

Hand Weapons
 a - a +0 war axe
 q - a +0 war axe (weapon)
 r - a +0 halberd
 y - a +0 hand crossbow
 C - a +0 scythe
 E - a +0 rapier
Armour
 b - a +0 scale mail (worn)
 c - a +0 shield (worn)
 o - a +0 helmet
Wands
 D - a wand of acid (8)
 H - a wand of digging (5)
Scrolls
 e - 5 scrolls of identify {unknown}
 h - 2 scrolls of teleportation {unknown}
 k - 2 scrolls of enchant armour {unknown}
 m - a scroll of amnesia {unknown}
 t - a scroll of random uselessness {unknown}
 u - a scroll of immolation {unknown}
 w - a scroll of blinking {unknown}
 z - 4 scrolls of remove curse {unknown}
 A - a scroll of fog {unknown}
 F - 5 scrolls of enchant weapon {unknown}
Potions
 d - a potion of might
 g - 2 potions of ambrosia {unknown}
 i - 3 potions of lignification {unknown}
 j - a potion of agility {unknown}
 l - 3 potions of heal wounds {unknown}
 n - 2 potions of mutation {unknown}
 p - 2 potions of resistance {unknown}
 s - 2 potions of flight {unknown}
 v - 3 potions of curing {unknown}
 x - 2 potions of haste {unknown}
 B - a potion of degeneration {unknown}
 I - a potion of cancellation {unknown}
Comestibles
 f - 8 rations
 G - 8 chunks of flesh


   Skills:
 - Level 12.7 Fighting
 - Level 2.4 Axes
 - Level 3.6 Armour
 * Level 6.9 Shields


You had 7 spell levels left.
You didn't know any spells.
Your spell library contained the following spells:

 Spells                   Type           Power        Failure   Level  Hunger
 Magic Dart               Conj           #...         97%         1    ##.....
 Summon Small Mammal      Summ           #...         97%         1    ##.....
 Blink                    Tloc           N/A          99%         2    ###....
 Call Imp                 Summ           #.......     99%         2    ###....
 Slow                     Hex            #.......     99%         2    ###....
 Call Canine Familiar     Summ           #.......     100%        3    ####...
 Conjure Flame            Conj/Fire      #.......     100%        3    ####...
 Mephitic Cloud           Conj/Pois/Air  #.......     100%        3    ####...
 Summon Guardian Golem    Hex/Summ       #.......     100%        3    ####...
 Summon Ice Beast         Ice/Summ       #.......     100%        4    #####..
 Summon Lightning Spire   Summ/Air       #.......     100%        4    #####..


Dungeon Overview and Level Annotations

Branches:
Dungeon (7/15)             Temple (1/1) D:6

Altars:
Ashenzari
Cheibriados
Elyvilon
Fedhas
Gozag
Hepliaklqana
Kikubaaqudgha
Makhleb
Nemelex Xobeh
Okawaru
Qazlal
Ru
Sif Muna
Trog
Uskayaw
Vehumet
Wu Jian
Xom
Yredelemnul
Zin
The Shining One


Innate Abilities, Weirdness & Mutations

You reflexively headbutt those who attack you in melee.
You have a pair of horns on your head.


Message History

You hit the hog.
The hog is almost dead.
You hit the hog. x2; The hog bites you. x3; The hog bites you!
* * * LOW HITPOINT WARNING * * *
You hit the hog but do no damage. You headbutt the hog.
You kill the hog!
Your shield prevents you from hitting the hog.
You barely miss the hog. The hog bites you but does no damage.
The hog closely misses you. The hog bites you.
* * * LOW HITPOINT WARNING * * *
The hog bites you.
* * * LOW HITPOINT WARNING * * *
You block the hog's attack.
You feel very mighty all of a sudden. The hog bites you.
* * * LOW HITPOINT WARNING * * *
The hog bites you.
* * * LOW HITPOINT WARNING * * *
The hog bites you!
You die...

#.#......##
##.....<.#
#.###..<...#
###.....## ##
#..#...######.......#
#.........##..#######
#............##
#...........##
##...........##
###.............##
#.......h@h......#
..........#h#####.##
..........#..# ###
..........#..#..
..........#..'..#
..........#%.#..#
..........#%%#..#
..........#######


You could see 3 hogs.

Vanquished Creatures
  Grinder (D:4)
  Sigmund (D:4)
  A hog (D:7)
  A human (D:7)
  A sky beast (D:5)
  2 necrophages
  A phantom (D:6)
  An ogre (D:7)
  3 centaurs
  A bullfrog (D:6)
  A wyvern skeleton (D:5)
  A scorpion (D:5)
  A howler monkey (D:6)
  A crimson imp (D:6)
  A centaur skeleton (D:4)
  A bullfrog skeleton (D:5)
  3 worker ants
  4 gnolls (D:2)
  13 adders
  A shadow imp (D:6)
  3 oozes
  An adder zombie (D:6)
  An adder skeleton (D:6)
  A worm (D:4)
  4 dart slugs (D:2)
  2 leopard geckos
  13 orcs
  2 giant cockroaches
  7 goblins
  5 hobgoblins
  7 jackals
  2 kobolds
  A quokka (D:2)
  6 bats
  3 frilled lizards
  A leopard gecko skeleton (D:5)
  8 rats
  A spectral orc (D:5)
108 creatures vanquished.

Notes
Turn   | Place    | Note
-------+----------+-------------------------------------------
     0 | D:1      | Gazerockf the Minotaur Fighter began the quest for the Orb.
     0 | D:1      | Reached XP level 1. HP: 19/19 MP: 0/0
   105 | D:1      | Reached skill level 4 in Fighting
   249 | D:1      | Reached XP level 2. HP: 28/28 MP: 1/1
   682 | D:2      | Reached skill level 5 in Fighting
   683 | D:2      | Reached XP level 3. HP: 36/36 MP: 2/2
  1117 | D:2      | Reached XP level 4. HP: 44/44 MP: 3/3
  1173 | D:2      | Reached skill level 6 in Fighting
  1577 | D:3      | Reached XP level 5. HP: 47/51 MP: 4/4
  1711 | D:3      | Reached skill level 7 in Fighting
  2564 | D:4      | Noticed Grinder
  2569 | D:4      | Killed Grinder
  2569 | D:4      | Reached skill level 9 in Fighting
  2569 | D:4      | Reached XP level 6. HP: 53/63 MP: 5/5
  2724 | D:4      | Found a hide-covered altar of Uskayaw.
  2869 | D:4      | Noticed Sigmund
  2885 | D:4      | Killed Sigmund
  2885 | D:4      | Reached XP level 7. HP: 39/71 MP: 6/6
  2986 | D:4      | Found a deep blue altar of Sif Muna.
  3027 | D:5      | Entered Level 5 of the Dungeon
  3088 | D:5      | Reached skill level 10 in Fighting
  3107 | D:5      | Found a sacrificial altar of Ru.
  3695 | D:5      | Found a basalt altar of Yredelemnul.
  3841 | D:5      | Reached skill level 11 in Fighting
  3913 | D:6      | Reached XP level 8. HP: 79/79 MP: 7/7
  3951 | D:6      | Found a staircase to the Ecumenical Temple.
  4000 | D:6      | Reached skill level 12 in Fighting
  4021 | Temple   | Entered the Ecumenical Temple
  4092 | Temple   | Became a worshipper of the Shining One
  4788 | D:7      | Reached skill level 5 in Shields
  5074 | D:7      | Slain by a hog

Skill      XL: |  1  2  3  4  5  6  7  8 |
---------------+-------------------------+-----
Fighting       | 4 5 6 9 11 12 | 12.7
Shields        | 6 |  6.9
Axes           | |  2.4
Armour         | |  3.6

Action                   |  1- 3 |  4- 6 |  7- 9 || total
-------------------------+-------+-------+-------++-------
Melee: War axe           |    66 |   109 |   120 ||   295
       Headbutt          |     5 |    18 |    24 ||    47
  Use: Potion            |       |       |     2 ||     2
  Eat: Chunk             |       |     6 |     1 ||     7
       Ration            |       |       |     2 ||     2
Armor: Scale mail        |    39 |    34 |    33 ||   106
Dodge: Dodged            |    25 |    44 |    53 ||   122
Block: Shield            |    45 |    55 |    72 ||   172
